 Dungeon Crawl Stone Soup version 0.29.1-1-gd02db6906a (webtiles) character file.

Game seed: 7038043512096895577

93 safid the Shooter (level 4, -4/38 HPs)
             Began as a Minotaur Hunter on Sept 27, 2022.
             Killed from afar by an orc wizard (7 damage)
             ... with a magic dart
             ... on level 3 of the Dungeon.
             The game lasted 00:02:10 (2504 turns).

safid the Shooter (Minotaur Hunter)                 Turns: 2504, Time: 00:02:11

Health: -4/38      AC:  3    Str: 15    XL:     4   Next: 36%
Magic:  3/3        EV: 12    Int:  6    God:
Gold:   105        SH:  0    Dex: 16    Spells: 3/3 levels left

rFire   . . .      SeeInvis .   a - +0 shortbow
rCold   . . .      Faith    .   (shield currently unavailable)
rNeg    . . .      Spirit   .   c - +0 leather armour
rPois   .          Reflect  .   (helmet restricted)
rElec   .          Harm     .   (no cloak)
rCorr   .          Rampage  .   (no gloves)
Will    .....                   (no boots)
Stlth   +.........              (no amulet)
HPRegen 0.12/turn               (no ring)
MPRegen 0.08/turn               (no ring)

@: no status effects
A: horns 2, retaliatory headbutt
a: no special abilities


You were on level 3 of the Dungeon.
You visited 1 branch of the dungeon, and saw 3 of its levels.

You collected 105 gold pieces.

Inventory:

Hand Weapons
 a - a +0 shortbow (weapon)
Armour
 c - a +0 leather armour (worn)
Scrolls
 b - a scroll of immolation
 d - a scroll of amnesia {unknown}
 e - 3 scrolls of teleportation {unknown}
 f - a scroll of noise {unknown}
 i - a scroll of enchant weapon {unknown}
 j - 2 scrolls of identify {unknown}
Potions
 g - a potion of attraction {unknown}
 h - 2 potions of might {unknown}
 k - 3 potions of curing {unknown}
 l - a potion of flight {unknown}


   Skills:
 - Level 3.0 Fighting
 + Level 6.2 Ranged Weapons
 - Level 2.1 Dodging
 - Level 0.7 Stealth


You had 3 spell levels left.
You didn't know any spells.
Your spell library contained the following spells:

 Spells                   Type           Power      Damage    Failure   Level
 Magic Dart               Conj           0%         1d3       52%         1
 Call Imp                 Summ           0%         N/A       67%         2
 Mephitic Cloud           Conj/Pois/Air  0%         N/A       88%         3


Dungeon Overview and Level Annotations

Branches:
Dungeon (3/15)

Altars:
Makhleb


Innate Abilities, Weirdness & Mutations

You have a pair of horns on your head.
You reflexively headbutt those who attack you in melee.


Message History

Unknown command.
You shoot an arrow. The arrow hits the orc.
The orc is heavily wounded.
Something hits you. Something hits you but does no damage.
You shoot an arrow.
The arrow hits the orc but does no damage.
The orc is heavily wounded.
Something hits you.
Unknown command.
You shoot an arrow.
The arrow hits the orc but does no damage.
The orc is heavily wounded.
The orc hits you with a +0 whip. Something hits you.
You shoot an arrow. The arrow barely misses the orc.
The orc hits you with a +0 whip. Something hits you but does no damage.
The orc hits you with a +0 whip. Something hits you.
* * * LOW HITPOINT WARNING * * *
You are too injured to fight recklessly!
You are too injured to fight recklessly!
You are too injured to fight recklessly!
Unknown command.
Fire: a) +0 shortbow
Press: ? - help, Q - select action Shift-Dir - straight line, f/p - orc
Aim: an orc, wielding a +0 whip and wearing a +0 chain mail (heavily wounded, 71% to hit)
You shoot an arrow. The arrow closely misses the orc.
Something hits you.
* * * LOW HITPOINT WARNING * * *
The orc hits you but does no damage.
Fire: a) +0 shortbow
Press: ? - help, Q - select action Shift-Dir - straight line, f/p - orc
Aim: an orc, wielding a +0 whip and wearing a +0 chain mail (heavily wounded, 71% to hit)
You shoot an arrow. The arrow hits the orc.
You kill the orc!
Something hits you.
* * * LOW HITPOINT WARNING * * *
Something hits you.
* * * LOW HITPOINT WARNING * * *
A magic dart appears from out of thin air!
The magic dart hits you!
You die...

#.....# #...#.# #######
###...#.### .##......
.....#...<.# [.......##
#........#.# .........#
##.##.##..#.#
.........###(..#.##..#.#
......)..........##..#.#
......{.@.......# #..#.##
.###...)###.#.#.###......
##.#.# #.#..........##
#.#.###.###.######## #
##.....)..# ..........###
##....##### #####


There were no monsters in sight!

Vanquished Creatures
  An orc wizard (D:3)
  3 adders
  A dart slug (D:1)
  2 orcs (D:3)
  3 endoplasms
  A giant cockroach (D:1)
  2 goblins
  6 hobgoblins
  5 kobolds
  A quokka (D:1)
  6 ball pythons
  5 bats (D:1)
  2 frilled lizards
38 creatures vanquished.

Notes
Turn   | Place    | Note
-------+----------+-------------------------------------------
     0 | D:1      | safid the Minotaur Hunter began the quest for the Orb.
     0 | D:1      | Reached XP level 1. HP: 18/18 MP: 0/0
   464 | D:1      | Reached XP level 2. HP: 25/25 MP: 1/1
   684 | D:1      | Reached skill level 5 in Ranged Weapons
  1214 | D:2      | Found a burning altar of Makhleb.
  1379 | D:2      | Reached XP level 3. HP: 22/31 MP: 2/2
  2298 | D:2      | Found a faded altar of an unknown god.
  2494 | D:3      | Reached skill level 6 in Ranged Weapons
  2494 | D:3      | Reached XP level 4. HP: 30/38 MP: 3/3
  2504 | D:3      | Killed from afar by an orc wizard

Illustrated notes

Levels and vault maps discovered:
D:1:      lemuel_arrival_broad_hall, layout_basic
D:2:      layout_basic, basic_altar, shapermc_ecumenical_altar_mp_vishouse
D:3:      layout_loops_ring

Skill      XL: |  1  2  3 |
---------------+----------+-----
Fighting       | 3 |  3.0
Ranged Weapons | 5 6 |  6.2
Dodging        | |  2.1
Stealth        | |  0.7

Action                   |  1- 3 |  4- 6 || total
-------------------------+-------+-------++-------
 Fire: Shortbow          |   117 |     9 ||   126
Armor: Leather armour    |    15 |     4 ||    19
Dodge: Dodged            |    32 |     2 ||    34
